 Dungeon Crawl Stone Soup version 0.16-a0-4088-g7c8221e (webtiles) character file.

2669 hhkb the Martial Artist (level 9, 0/84 (88) HPs)
             Began as an Octopode Transmuter on Feb 23, 2015.
             Was a Priest of Okawaru.
             Slain by a centaur (2 damage)
             ... on level 8 of the Dungeon.
             The game lasted 00:36:45 (12089 turns).

hhkb the Martial Artist (Octopode Transmuter)      Turns: 12089, Time: 00:36:46

HP:   0/84 (88)     AC: 24    Str: 11    XL:     9   Next: 63%
MP:   10/14         EV:  2    Int: 15    God:    Okawaru [***...]
Gold: 305           SH:  0    Dex: 16    Spells: 5 memorised, 2 levels left

rFire  . . .     SeeInvis .       - Unarmed
rCold  . . .     Clarity  .     (no shield)
rNeg   + + +     SustAb   .     (helmet currently unavailable)
rPois  +         Gourm    +     m - amulet of the gourmand {Gourm, !d}
rElec  .         Spirit   .     a - ring of poison resistance (curse) {rPois, !d}
rCorr  .         Warding  .     i - +2 ring of strength
rMut   .         NoTele   +     (no ring)
MR     .....                    (no ring)
Stlth  +.........               (no ring)
                                (no ring)
                                (no ring)
                                (no ring)

@: tree-form, very slightly contaminated, not resistant to hostile enchantments,
very unstealthy
A: almost no armour, amphibious, 8 rings, (constrict 8), (camouflage 0),
(gelatinous body 0)
a: Heroism, Renounce Religion


You were on level 8 of the Dungeon.
You worshipped Okawaru.
Okawaru was most pleased with you.
You were completely stuffed.
You were a tree.
You visited 1 branch of the dungeon, and saw 8 of its levels.

You collected 305 gold pieces.

Inventory:

Hand weapons
 u - a +1 blowgun
   (You took it off a kobold on level 3 of the Dungeon)
Missiles
 b - 121 arrows
 e - 114 stones (quivered)
 x - 19 poisoned needles
 E - 3 throwing nets {=f, !d}
Jewellery
 a - a cursed ring of poison resistance (left branch) {rPois, !d}
   (You found it on level 2 of the Dungeon)
 i - a +2 ring of strength (right branch)
   (You found it on level 5 of the Dungeon)
 m - an amulet of the gourmand (around neck) {Gourm, !d}
   (You found it on level 1 of the Dungeon)
Magical devices
 c - a wand of magic darts (8)
   (You took it off Crazy Yiuf on level 2 of the Dungeon)
 g - a wand of heal wounds (4)
   (You took it off Sigmund on level 4 of the Dungeon)
 y - a wand of fireball (6)
   (You found it on level 6 of the Dungeon)
 z - a wand of draining (5)
   (You found it on level 6 of the Dungeon)
 D - a wand of confusion (29)
   (You found it on level 7 of the Dungeon)
Scrolls
 j - a scroll of remove curse
 k - a scroll of magic mapping {!r}
 n - a scroll of enchant armour
 r - 5 scrolls of enchant weapon
 w - a scroll of recharging
Potions
 l - a potion of beneficial mutation {unknown}
 q - a potion of ambrosia {!q}
 s - a potion of curing {unknown}
Books
 d - a book of Changes
 p - a book of Maledictions
   (You found it on level 2 of the Dungeon)
 A - a book of Minor Magic
   (You found it on level 6 of the Dungeon)
 C - a Fen Folio
   (You found it on level 6 of the Dungeon)
Comestibles
 h - 3 meat rations {@e2}
 o - a royal jelly
 t - 5 bread rations {@e1}
 v - 5 fruits
 F - 6 beef jerkies


   Skills:
 + Level 4.5 Fighting
 + Level 4.8 Dodging
 + Level 10.6 Unarmed Combat
 - Level 2.0 Spellcasting
 - Level 1.3 Charms
 - Level 2.5 Translocations
 - Level 2.6 Transmutations
 - Level 2.3 Poison Magic


You had 2 spell levels left.
You knew the following spells:

 Your Spells              Type           Power        Failure   Level  Hunger
a - Beastly Appendage     Trmt           #.....       10%         1    #......
b - Blink                 Tloc           N/A          12%         2    ###....
c - Spider Form           Trmt/Pois      #.........   30%         3    ###....
d - Repel Missiles        Chrm/Air       #.....       28%         2    ###....
s - Sticks to Snakes      Trmt           #.........   12%         2    ###....


Dungeon Overview and Level Annotations

Branches:
Dungeon (8/15)             Temple (0/1) D:5
   Lair: D:8-11

Altars:
Cheibriados
Fedhas
Gozag
Nemelex Xobeh
Okawaru
Zin
The Shining One

Shops:
D:5 *

Annotations:
D:6 Edmund; MarvinPA's ghost, experienced DsTm
D:7 herpmino's ghost, experienced DDGl


Innate Abilities, Weirdness & Mutations

You cannot wear most types of armour.
You are amphibious.
You can wear up to eight rings at the same time.
((You can use your tentacles to constrict many enemies at once.))
((Your skin changes colour to match your surroundings (Stealth).))
((Your rubbery body absorbs attacks (AC +1).))


Message History

F - 3 beef jerkies
F - 6 beef jerkies (gained 3)
You see here an orc skeleton.
You see here a human skeleton.
Your transformation has ended.
Unknown command.
Eating a poisonous chunk of flesh {@w0}.
This raw flesh tastes great.
You continue eating. x2
There is a stone staircase leading down here.
You regained 2 mp, and now have 10/14 mp.
You climb downwards.
A giant frog and a zombie come into view.
Found a stone staircase leading down.
There is a stone staircase leading up here.
The helpless killer bee zombie fails to defend itself.
You bludgeon the killer bee zombie! Your grab misses the killer bee zombie.
The killer bee zombie barely misses you.
The killer bee zombie hits you.
You take 1 damage, and have 55/56 hp.
You tentacle-slap the killer bee zombie.
You grab the killer bee zombie. You squeeze the killer bee zombie.
You constrict the killer bee zombie. The killer bee zombie hits you!
You take 8 damage, and have 47/56 hp.
You bludgeon the killer bee zombie!
You destroy the killer bee zombie!
Okawaru accepts your kill.
You start resting.
Your magical contamination has completely faded away.
You start resting.
Health restored: 56; MP restored: 14 Unknown command.
A crimson imp comes into view.
You miscast Spider Form.
You are very lightly contaminated with residual magic.
You feel a strange surge of energy!
You now have 11/14 mp.
You turn into a venomous arachnid creature.
You now have 8/14 mp. 2 centaurs come into view.
The giant frog croaks.
The centaur shouts!
The giant frog barely misses you. The crimson imp closely misses you.
The giant frog completely misses you.
You bite the giant frog!
The giant frog is poisoned.
The giant frog hits you!
You take 9 damage, and have 47/56 hp.
You bite the giant frog!
You kill the giant frog!
Okawaru accepts your kill. The centaur misses you.
The crimson imp blinks!
The centaur wields a shortbow.
The centaur shoots an arrow.
The arrow hits you! The centaur closely misses you.
Things that are here:
an arrow; a giant frog corpse You take 13 damage, and have 34/56 hp.
MASSIVE DAMAGE!!
You hit the centaur.
The centaur is poisoned.
Your transformation is almost over.
The centaur completely misses you.
The centaur shoots an arrow.
The arrow hits you!
You take 8 damage, and have 26/56 hp.
The centaur wields a shortbow.
The centaur shoots an arrow of frost.
The arrow of frost hits you!
* * * LOW HITPOINT WARNING * * *
The arrow of frost freezes you.
* * * LOW HITPOINT WARNING * * *
You take 17 damage, and have 9/56 hp.
MASSIVE DAMAGE!!
Read which item? (? for menu, Esc to quit)
Okay, then.
Drink which item? (? for menu, Esc to quit)
Okay, then.
Unknown command.
Unknown command.
Drink which item? (? for menu, Esc to quit)
Okay, then.
Unknown command.
Read which item? (? for menu, Esc to quit)
Okay, then.
Unknown command.
Unknown command.
Your transformation has ended.
The centaur shoots an arrow of frost.
The arrow of frost barely misses you.
The centaur unwields an uncursed shortbow.
The centaur hits you.
* * * LOW HITPOINT WARNING * * *
You take 5 damage, and have 5/56 hp.
You tentacle-slap the centaur.
You squeeze the centaur, but do no damage.
You barely miss the centaur. The centaur closely misses you.
The centaur unwields an uncursed shortbow.
The centaur misses you.
You barely miss the centaur. Your squeeze misses the centaur.
The centaur hits you.
* * * LOW HITPOINT WARNING * * *
The centaur completely misses you.
You take 4 damage, and have 1/56 hp.
Drink which item? (? for menu, Esc to quit)
Really quaff
f - a potion of lignification {!q}?
You turn into a tree.
Your roots penetrate the ground.
The centaur hits you.
You die...

#.#......(##.# ##.##.....(#
.#
#<..<......##.##############
##.#.......##......<........
#####......######..########
##.....#......>......#
#.....#)#.....#####.#
#####.#.##.#..# .#..(♣c.##
.#####c## ## #..# #5...
#...... #......# #.......
#...#.### #..# .#


You could see 2 centaurs.

Vanquished Creatures
  Grinder (D:5)
  An ice beast (D:7)
  2 phantoms
  5 ogres
  2 necrophages (D:7)
  3 giant frogs
  Sigmund (D:4)
  4 scorpions
  4 wights (D:7)
  A centaur zombie (D:5)
  3 goliath beetles
  3 orc priests (D:5)
  An orc wizard (D:4)
  Crazy Yiuf (D:2)
  A hound (D:6)
  3 iguanas
  4 worker ants
  A killer bee zombie (D:8)
  Jessica (D:2)
  2 hound skeletons
  A mummy (D:7)
  2 worker ant zombies
  12 adders
  3 gnolls (D:3)
  A shadow imp (D:5)
  3 giant mites
  A goliath beetle zombie (D:5)
  5 worms
  3 adder skeletons
  5 giant geckos
  An ooze (D:2)
  20 orcs
  A ball python (D:1)
  10 hobgoblins
  7 jackals
  23 kobolds
  4 quokkas
  17 bats
  4 giant cockroaches
  2 giant gecko skeletons
  8 giant newts
  14 goblins
  13 rats
204 creatures vanquished.

Vanquished Creatures (collateral kills)
  A worm (D:2)
1 creature vanquished.

Grand Total: 205 creatures vanquished

Notes
Turn   | Place    | Note
--------------------------------------------------------------
     0 | D:1      | hhkb, the Octopode Transmuter, began the quest for the Orb.
     0 | D:1      | Reached XP level 1. HP: 13/13 MP: 3/3
   435 | D:1      | Reached XP level 2. HP: 18/18 MP: 4/4
   464 | D:1      | Found an iron altar of Okawaru.
   481 | D:1      | Became a worshipper of Warmaster Okawaru
   667 | D:1      | Reached skill level 4 in Unarmed Combat
   817 | D:1      | Reached XP level 3. HP: 21/23 MP: 6/6
  1527 | D:2      | Learned a level 2 spell: Sticks to Snakes
  1531 | D:2      | Learned a level 3 spell: Spider Form
  2004 | D:2      | Noticed Jessica
  2041 | D:2      | Found a sparkling altar of Nemelex Xobeh.
  2166 | D:2      | Noticed Crazy Yiuf
  2227 | D:2      | Reached XP level 4. HP: 28/28 MP: 5/7
  2245 | D:2      | Reached skill level 5 in Unarmed Combat
  3322 | D:3      | Reached skill level 1 in Poison Magic
  3634 | D:3      | Reached XP level 5. HP: 30/33 MP: 7/9
  3636 | D:3      | HP: 6/33 [gnoll/spear (7)]
  3637 | D:3      | HP: 2/33 [gnoll/spear (4)]
  3712 | D:3      | HP: 7/33 [gnoll/spear (3)]
  4254 | D:3      | Reached skill level 2 in Poison Magic
  5230 | D:2      | HP: 1/33 [Crazy Yiuf/wand of magic darts (8)]
  5231 | D:2      | Killed Crazy Yiuf
  5231 | D:2      | Reached XP level 6. HP: 1/38 MP: 7/10
  5696 | D:2      | HP: 4/38 [Jessica/wand of flame (11)]
  5702 | D:2      | Killed Jessica
  5702 | D:2      | Reached skill level 6 in Unarmed Combat
  5779 | D:2      | stupid
  5874 | D:4      | Noticed Sigmund
  5884 | D:4      | Killed Sigmund
  5884 | D:4      | Acquired Okawaru's first power
  6419 | D:4      | Reached skill level 7 in Unarmed Combat
  6419 | D:4      | Reached XP level 7. HP: 37/43 MP: 10/12
  7178 | D:5      | Entered Level 5 of the Dungeon
  7259 | D:5      | Reached skill level 8 in Unarmed Combat
  7443 | D:5      | Found Twaank's Elemental Accessories.
  7642 | D:5      | Found a snail-covered altar of Cheibriados.
  7834 | D:5      | Noticed Grinder
  7847 | D:5      | Killed Grinder
  7847 | D:5      | Reached skill level 9 in Unarmed Combat
  7847 | D:5      | Reached XP level 8. HP: 21/48 MP: 9/13
  8108 | D:5      | HP: 7/48 [orc priest/nerve-wracking pain (7)]
  8116 | D:5      | HP: 2/48 [orc/vampiric trident (6)]
  8353 | D:5      | Found a glowing silver altar of Zin.
  8354 | D:5      | Found an opulent altar of Gozag.
  8501 | D:5      | Found a glowing golden altar of the Shining One.
  8657 | D:5      | Found a staircase to the Ecumenical Temple.
  9407 | D:6      | Noticed Edmund
  9547 | D:6      | Reached skill level 2 in Fighting
  9587 | D:6      | Noticed MarvinPA's ghost (experienced DsTm)
  9622 | D:6      | Reached skill level 3 in Dodging
  9738 | D:6      | Reached skill level 10 in Unarmed Combat
  9793 | D:6      | Found a blossoming altar of Fedhas.
  9996 | D:7      | Reached skill level 3 in Fighting
 10069 | D:7      | Reached XP level 9. HP: 49/57 MP: 14/14
 10283 | D:7      | Reached skill level 4 in Dodging
 10552 | D:7      | Noticed herpmino's ghost (experienced DDGl)
 10604 | D:7      | Reached skill level 4 in Fighting
 11098 | D:7      | HP: 14/56 [herpmino's ghost (12)]
 11528 | D:7      | Learned a level 2 spell: Repel Missiles
 11531 | D:7      | Learned a level 2 spell: Blink
 11667 | D:7      | Reached skill level 1 in Translocations
 11817 | D:7      | Reached skill level 1 in Charms
 11975 | D:7      | Reached skill level 2 in Translocations
 12082 | D:8      | HP: 11/56 [centaur/arrow of frost (15)]
 12085 | D:8      | HP: 5/56 [centaur (5)]
 12088 | D:8      | HP: 1/56 [centaur (4)]
 12089 | D:8      | Slain by a centaur

Action                   |  1- 3 |  4- 6 |  7- 9 || total
-------------------------+-------+-------+-------++-------
Melee: Unarmed           |    80 |   147 |   307 ||   534
 Fire: Blowgun           |       |       |    26 ||    26
Throw: Stone             |    38 |    61 |    71 ||   170
 Cast: Beastly Appendage |     5 |     9 |     2 ||    16
       Sticks to Snakes  |     1 |       |     4 ||     5
       Spider Form       |       |     7 |    20 ||    27
       Repel Missiles    |       |       |     1 ||     1
 Abil: End Transformatio |       |       |     1 ||     1
Evoke: Wand              |       |       |     2 ||     2
  Use: Scroll            |       |     7 |     5 ||    12
       Potion            |       |     1 |     3 ||     4
 Stab: Sleeping          |       |     1 |     8 ||     9
  Eat: Chunk             |     1 |    22 |    24 ||    47
       Bread ration      |     1 |       |       ||     1

Vault maps used:
D:1:      sevenhm_arrival_forest_fort_large_2, minmay_misc_feat_room,
          minmay_misc_feat_enclosed, okawaru_ov_weapons_minmay
D:2:      nemelex_lonely_heart_becter, uniq_jessica, uniq_crazy_yiuf_cottage
D:3:      first_bread
D:4:      uniq_sigmund
D:5:      grunt_temple_overflow_gold_and_silver, beetle_altar_1,
          temple_fountains, basic_altar, nicolae_elemental_shop, uniq_grinder
D:6:      kennysheep_little_box, minmay_misc_feat_ornament, uniq_edmund
D:7:      forest_paths, serial_undead, serial_undead_d, serial_undead_c,
          serial_undead_c, serial_undead_c, grunt_ogre_cave
D:8:      minmay_quarter_circles, lightli_temple_of_fire,
          lemuel_mausoleum_altar_yredelemnul

Table legend:
 A = Turns spent in this place as a percentage of turns spent in the entire game.
 B = Non-inter-level travel turns spent in this place as a percentage of non-inter-level travel turns spent in the entire game.
 C = Inter-level travel turns spent in this place as a percentage of turns spent in this place.
 D = Turns resting spent in this place as a percentage of non-inter-level travel turns spent in this place.
 E = Turns spent auto-exploring this place as a percentage of non-inter-level travel turns spent in this place.
 F = Non-inter-level travel turns spent in this place divided by the number of levels of this place that you've seen.
                   A       B       C       D       E      F
               +-------+-------+-------+-------+-------+----------------------
         Total | 100.0 | 100.0 |   0.8 |   3.9 |   6.1 | 513.4
       Dungeon | 100.0 | 100.0 |   0.8 |   3.9 |   6.1 | 513.4
               +-------+-------+-------+-------+-------+----------------------

Table legend:
 A = Kills in this place as a percentage of kills in entire the game.
 B = Kills by you in this place as a percentage of kills by you in the entire game.
 C = Kills by friends in this place as a percentage of kills by friends in the entire game.
 D = Other kills in this place as a percentage of other kills in the entire game.
 E = Experience gained in this place as a percentage of experience gained in the entire game.
 F = Experience gained in this place divided by the number of levels of this place that you have seen.
                   A       B       C       D       E      F
               +-------+-------+-------+-------+-------+----------------------
         Total | 100.0 | 100.0 | 100.0 |  -nan | 100.0 | 476.8
       Dungeon | 100.0 | 100.0 | 100.0 |  -nan | 100.0 | 476.8
               +-------+-------+-------+-------+-------+----------------------
